 Dungeon Crawl Stone Soup version 0.21.0-3-g78d12a8 (webtiles) character file.

1613523 Megalobster the Slayer (level 27, 185/190 HPs)
             Began as a Gargoyle Monk on Jan 13, 2018.
             Was a High Priest of the Shining One.
             Escaped with the Orb
             ... and 3 runes!
             The game lasted 06:07:00 (80552 turns).

Megalobster the Slayer (Gargoyle Monk)             Turns: 80552, Time: 06:07:01

Health: 185/190    AC: 57    Str: 24    XL:     27
Magic:  32/35      EV: 19    Int: 17    God:    the Shining One [*****.]
Gold:   711        SH: 31    Dex: 16    Spells: 26/26 levels left

rFire    + + .     SeeInvis .   a - +9 sacred scourge (holy)
rCold    + . .     Gourm    .   Y - +3 buckler {rF+}
rNeg     + + +     Faith    .   P - +5 plate armour of Dumpew {+Fly rElec rF+ rC+}
rPois    ∞         Spirit   .   w - +2 hat {Int+3}
rElec    +         Reflect  +   y - +2 cloak
rCorr    +         Harm     .   Q - -2 pair of gloves of Baesiu {MR+ Str+3}
MR       +++..                  i - +2 pair of boots
Stlth    ..........             G - +5 amulet of reflection
HPRegen  0.41/turn              R - ring of resist corrosion
MPRegen  0.24/turn              M - +4 ring of slaying

@: divine shield, glowing
A: big wings, beak, iridescent scales 1, negative energy resistance 1,
electricity resistance, unbreathing, petrification resistance, rot immunity, AC
+20
0: Orb of Zot
}: 3/15 runes: serpentine, barnacled, silver
a: Fly, Divine Shield, Cleansing Flame, Summon Divine Warrior, Renounce
Religion, Evoke Flight


You escaped.
You worshipped the Shining One.
The Shining One was extremely pleased with you.
You were very full.

You visited 10 branches of the dungeon, and saw 48 of its levels.
You visited 1 bazaar.
You also visited: Labyrinth, Bailey and Ice Cave.

You collected 6210 gold pieces.
You spent 5499 gold pieces at shops.

Inventory:

Hand Weapons
 a - a +9 sacred scourge of holy wrath (weapon)
 b - a +2 eveningstar of flaming
Armour
 i - a +2 pair of boots (worn)
 l - a +5 shield of reflection
 w - a +2 hat of intelligence (worn)
 y - a +2 cloak (worn)
 P - the +5 plate armour of Dumpew (worn) {+Fly rElec rF+ rC+}
   (You bought it in a shop on level 3 of the Vaults)

   It protects you from fire.
   It protects you from cold.
   It insulates you from electricity.
   It lets you fly.
 Q - the -2 pair of gloves of Baesiu (worn) {MR+ Str+3}
   (You acquired it on level 11 of the Dungeon)

   It affects your strength (+3).
   It affects your resistance to hostile enchantments.
 Y - a +3 buckler of fire resistance (worn)
Jewellery
 d - an uncursed ring of protection from magic
 x - an uncursed ring of protection from cold
 A - an uncursed ring of protection from fire
 G - a +5 amulet of reflection (around neck)
 M - a +4 ring of slaying (right hand)
 R - a ring of resist corrosion (left hand)
Wands
 e - a wand of scattershot (13)
 f - a wand of disintegration (7)
 D - a wand of iceblast (29)
 H - a wand of digging (27)
 I - a wand of acid (78)
 N - a wand of flame (60)
 O - a wand of paralysis (54)
 W - a wand of enslavement (11)
Scrolls
 h - 25 scrolls of remove curse {@r2}
 k - 9 scrolls of fog
 n - 6 scrolls of teleportation
 r - 6 scrolls of magic mapping
 s - 7 scrolls of identify {@r1}
 B - a scroll of enchant armour
 F - a scroll of holy word
 L - 4 scrolls of fear
 X - a scroll of enchant weapon
 Z - 3 scrolls of blinking
Potions
 g - 13 potions of curing {@q1}
 m - a potion of resistance
 o - a potion of brilliance
 p - 11 potions of ambrosia
 q - 4 potions of cancellation
 u - 3 potions of haste
 z - 4 potions of mutation
 C - 9 potions of heal wounds
 K - 6 potions of lignification
 S - 2 potions of agility
 U - a potion of berserk rage
Miscellaneous
 j - 3 sacks of spiders
 v - 3 phantom mirrors
 J - a phial of floods
 T - a lamp of fire
 V - a fan of gales
Comestibles
 c - 22 rations


   Skills:
 + Level 24.1 Fighting
 + Level 19.0 Maces & Flails
 + Level 21.7 Armour
 + Level 18.8 Dodging
 - Level 2.1 Stealth
 + Level 20.9 Shields
 - Level 17.4 Invocations
 - Level 9.4 Evocations


You had 26 spell levels left.
You didn't know any spells.

Dungeon Overview and Level Annotations

Branches:
Dungeon (15/15)            Temple (1/1) D:6            Lair (6/6) D:8
 Shoals (4/4) Lair:3        Snake (4/4) Lair:2        Slime (1/5) Lair:5
    Orc (2/2) D:11            Elf (0/3) Orc:2        Vaults (5/5) D:13
  Crypt (0/3) Vaults:3     Depths (5/5) D:15            Zot (5/5) Depths:5

Altars:
Ashenzari
Cheibriados
Dithmenos
Elyvilon
Fedhas
Gozag
Hepliaklqana
Kikubaaqudgha
Makhleb
Nemelex Xobeh
Okawaru
Qazlal
Ru
Sif Muna
Trog
Uskayaw
Vehumet
Wu Jian
Xom
Yredelemnul
Zin
The Shining One

Shops:
D:4 (:**   D:9 [!   Orc:2 [[!!   Shoals:1 (   Shoals:4 =   Snake:2 !:
Snake:3 *   Vaults:2 !   Vaults:3 :[:

Portals:
Hell: Depths:1 Depths:2 Depths:3 Depths:4 Depths:5
Abyss: Depths:2 Depths:4
Pandemonium: Depths:3
Ziggurat: Depths:2
Trove: Vaults:4 (give 7 potions of haste)

Annotations:
Lair:3 exclusion: 2 oklob plants
Shoals:4 exclusion: 2 oklob plants


Innate Abilities, Weirdness & Mutations

You are resistant to torment.
Your stone body is resilient. (AC +20)
You are immune to poison.
Your large and strong wings let you fly indefinitely.
You resist negative energy. (rN+)
You are resistant to electric shocks. (rElec)
You can survive without breathing.
You are immune to petrification.
You are immune to rotting.
You have a beak for a mouth.
You are partially covered in iridescent scales. (AC +2)


Message History

You feel slightly less full. The hellion gestures at you.
The sphere of damnation explodes!
The damnation engulfs you! The damnation engulfs your daeva.
The damnation engulfs the hellion.
The hellion completely resists.
Your daeva hits the hellion with a scimitar of holy wrath!!
The hellion convulses!
Your daeva hits the hellion with a scimitar of holy wrath!
The hellion convulses.
You thrash the hellion!!
You kill the hellion!
The Shining One accepts your kill.
You feel better.
You feel your power returning.
You take 12 damage, and have 178/190 hp.
Evoke which item? (* to show all) (? for menu, Esc to quit)
Aiming: Dig
Press: ? - help, Shift-Dir - straight line The rock shatters into small pieces.
There is a staircase leading out of the dungeon here.
You have escaped!

##.........#...≈...# #.#........
###)###....##.8.≈.8.# #.#########
.....##.##.##...≈...# #.# #
###).##.##.##.⌠.≈.⌠.###.# ##
.....##.##......≈...#...# #.
###.###.#####.8.≈.8.##### #.
............#...≈...# #.
###.###.....###A..###############
# #...#.#####.##@###.............
# ###.#.#####.######.############
# #.#.....#.##.....# # #
#.#####.#.##.##### # # #.#
#.#.##.# # #.# ##.#.##.####
########### #.####..........#
#..........
#.##.........##.###.#########
#.##)#...######.##..# #


You could see a friendly daeva.

Vanquished Creatures
  4 ancient liches (Zot:5)
  6 orbs of fire
  Sojobo (Depths:1)
  A caustic shrike (Depths:4)
  4 Killer Klowns
  14 golden dragons
  Jorgrun (Depths:1)
  3 liches (Depths:3)
  3 electric golems
  24 tentacled monstrosities
  26 Orb Guardians
  14 quicksilver dragons
  3 titans
  Asterion (Snake:1)
  5 sphinxes
  A kraken (Shoals:2)
  Polyphemus (Shoals:4)
  13 death cobs
  12 tengu reavers
  8 shadow dragons
  8 storm dragons
  12 fire giants
  Ilsuiw (Shoals:4)
  18 draconian monks
  3 large abominations
  9 nagarajas
  14 frost giants
  2 deep elf sorcerers (Vaults:5)
  10 draconian scorchers
  15 vault wardens
  An iron dragon (Depths:4)
  A deep elf elementalist (Depths:5)
  A curse skull (Vaults:3)
  Aizul (Snake:1)
  An iron dragon (shapeshifter) (Depths:2)
  8 draconian knights
  An orc warlord (Vaults:2)
  2 ghost moths
  2 draconian shifters
  15 very ugly things
  A caustic shrike zombie (Depths:3)
  15 ironheart preservers
  3 draconian stormcallers
  2 war gargoyles
  4 draconian annihilators
  10 green draconians
  An entropy weaver (Vaults:3)
  A juggernaut skeleton (Depths:3)
  17 stone giants
  A deep elf demonologist (Vaults:2)
  22 black draconians
  18 purple draconians
  5 small abominations
  2 vampire knights (Depths:4)
  2 deep elf annihilators (Vaults:5)
  A dire elephant (D:15)
  14 white draconians
  4 spark wasps
  14 red draconians
  Snorg (D:12)
  The ghost of feelmyfire the Black Belt, a journeyman DgTm (Orc:2)
  2 merfolk javelineers
  12 merfolk impalers
  14 yellow draconians
  2 deep elf death magi
  14 ettins
  Josephine (D:12)
  12 yaktaur captains
  12 ogre magi
  A minotaur (Lab)
  8 fire dragons
  4 deep elf high priests
  9 great orbs of eyes
  9 naga warriors
  32 vault guards
  3 rakshasas
  A juggernaut simulacrum (Depths:3)
  9 ice dragons
  A hydra (shapeshifter) (Depths:3)
  A spriggan air mage (Depths:4)
  A catoblepas (Shoals:4)
  2 merfolk avatars (Shoals:4)
  12 hydras
  12 merfolk aquamancers
  6 centaur warriors
  4 satyrs (Shoals:4)
  The ghost of BadBadger the Carver, a journeyman DsGl of Wu Jian (Lair:2)
  3 death knights
  19 anacondas
  An alligator snapping turtle (Shoals:3)
  3 death yaks (Shoals:4)
  12 deep troll earth magi
  42 two-headed ogres
  13 deep troll shamans
  A vampire mage (Depths:2)
  6 tengu warriors
  2 spriggan berserkers (Depths:3)
  11 shock serpents
  15 naga sharpshooters
  5 hell knights (Depths:2)
  2 sun demons
  A soul eater (Zot:3)
  A salamander mystic (Snake:2)
  3 shadow wraiths
  4 skeletal warriors
  8 deep elf knights
  34 deep trolls
  2 death drakes (Depths:5)
  A storm dragon skeleton (Vaults:5)
  2 infernal demonspawn
  15 sea snakes
  4 flayed ghosts
  2 unseen horrors (D:14)
  11 naga ritualists
  2 glowing orange brains
  6 lindwurms
  A wizard (Vaults:1)
  19 ironbrand convokers
  A harpy (shapeshifter) (Depths:5)
  A golden dragon skeleton (Depths:3)
  9 necromancers
  A sphinx zombie (Vaults:3)
  20 harpies
  The ghost of Scuka the Carver, a novice BaFi of Cheibriados (D:5)
  5 phantasmal warriors
  4 deep elf archers
  15 deep elf magi
  An orb spider (shapeshifter) (Vaults:3)
  12 mana vipers
  3 cyclopes
  13 orc knights
  28 ugly things
  A shadow dragon skeleton (Depths:3)
  4 wolf spiders
  14 manticores
  An orc sorcerer (Orc:2)
  12 fauns
  A stone giant zombie (Vaults:5)
  2 oklob plants (Lair:5)
  8 salamanders
  A fire giant skeleton (Vaults:5)
  20 moths of wrath
  6 water nymphs
  15 naga magi
  An ice statue (Vaults:4)
  42 black mambas
  A water nymph (shapeshifter) (Vaults:4)
  9 merfolk sirens
  13 guardian serpents
  3 human skeletons
  A rust devil (Depths:3)
  17 vault sentinels
  9 spiny frogs
  Psyche (D:12)
  A frost giant skeleton (Vaults:5)
  A hellion (D:1)
  A gargoyle (D:12)
  An orange demon (Depths:5)
  A spiny frog (shapeshifter) (Vaults:2)
  5 torpor snails (Lair:6)
  35 yaktaurs
  A rime drake (shapeshifter) (Vaults:5)
  5 freezing wraiths
  3 kobold demonologists
  7 komodo dragons
  A tormentor (Depths:3)
  A golden dragon simulacrum (Vaults:5)
  A yaktaur skeleton (Vaults:1)
  2 ice devils
  A komodo dragon (shapeshifter) (Depths:1)
  2 demonic crawlers (D:14)
  14 polar bears
  A meliai (shapeshifter) (D:13)
  A red devil (Depths:3)
  A tengu conjurer (Depths:3)
  A jumping spider (shapeshifter) (Vaults:4)
  4 tyrant leeches
  10 wind drakes
  Prince Ribbit (D:7)
  9 trolls
  7 hornets
  23 merfolk
  15 slime creatures
  Grinder (D:5)
  13 hippogriffs
  2 raiju (shapeshifter)
  A spriggan zombie (Depths:3)
  2 ettin zombies
  5 raiju (Lair:6)
  7 snapping turtles
  A stone giant simulacrum (Vaults:1)
  20 blink frogs
  A dream sheep (Lair:6)
  A hippogriff (shapeshifter) (Vaults:5)
  3 air elementals (Depths:4)
  25 water elementals
  27 yaks
  3 redbacks
  An elf zombie (Depths:3)
  2 vampires (D:14)
  3 basilisks
  3 tarantellas (shapeshifter)
  A yak (shapeshifter) (Vaults:2)
  4 fire bats (D:14)
  8 wraiths
  The ghost of Scuka the Skirmisher, an amateur BaFi (D:3)
  4 wyverns
  A golden eye (shapeshifter) (Vaults:2)
  A yaktaur simulacrum (Vaults:1)
  5 vampire mosquitoes
  2 chaos spawn
  9 wargs
  Edmund (D:6)
  2 hungry ghosts
  A soldier ant (D:6)
  52 nagas
  A naga (shapeshifter) (Vaults:5)
  A soldier ant (shapeshifter) (Vaults:2)
  A swamp worm (shapeshifter) (D:15)
  23 water moccasins
  2 acid dragons
  2 floating eyes (shapeshifter)
  12 hell hounds
  Duvessa (D:5)
  10 porcupines
  52 orc warriors
  A deep troll skeleton (Vaults:5)
  4 swamp drakes (Depths:5)
  13 black bears
  10 ice beasts
  A black bear (shapeshifter) (Depths:3)
  A swamp drake (shapeshifter) (Vaults:2)
  4 phantoms
  An eye of draining (D:13)
  3 sky beasts
  3 human zombies
  4 necrophages
  25 wolves
  4 boggarts (Depths:3)
  27 centaurs
  31 ogres
  11 crocodiles
  6 big kobolds
  16 bullfrogs
  A wyvern zombie (D:6)
  5 scorpions
  Dowan (D:5)
  A wyvern skeleton (D:8)
  7 electric eels
  A troll skeleton (Lab)
  20 wights
  2 howler monkeys
  An elf simulacrum (Vaults:5)
  2 spriggan skeletons (Lab)
  7 crimson imps
  A quasit (D:11)
  2 hounds
  2 bullfrog zombies
  12 orc priests
  4 centaur skeletons
  2 centaur zombies
  7 jellies
  A bullfrog skeleton (D:9)
  13 orc wizards
  5 iguanas
  An iron imp (Depths:3)
  Ijyb (D:5)
  15 worker ants
  An ogre skeleton (Lab)
  A hound skeleton (D:8)
  A worker ant zombie (D:8)
  12 gnolls
  21 adders
  3 shadow imps
  9 oozes
  An adder skeleton (D:4)
  9 worms
  3 dart slugs
  7 leopard geckos
  86 orcs
  3 ball pythons
  15 giant cockroaches
  19 goblins
  18 hobgoblins
  19 jackals
  33 kobolds
  2 quokkas
  16 bats
  5 frilled lizards
  5 rats
  A butterfly (D:6)
  6 crawling corpses
  15 plants
  4 tentacles (Shoals:2)
2209 creatures vanquished.

Vanquished Creatures (collateral kills)
  Bai Suzhen (Snake:4)
  A lich (Depths:4)
  3 sphinxes
  3 vault wardens
  A balrug (Depths:2)
  A stone giant (Vaults:4)
  An ironheart preserver (Vaults:3)
  A vampire knight (Depths:1)
  2 merfolk javelineers (Shoals:4)
  A deep elf high priest (Vaults:2)
  2 yaktaur captains
  3 vault guards (Vaults:2)
  3 rakshasas
  An alligator snapping turtle (Shoals:4)
  A two-headed ogre (Vaults:5)
  A merfolk aquamancer (Shoals:4)
  A satyr (Shoals:4)
  A deep troll earth mage (Depths:4)
  2 naga sharpshooters
  2 shock serpents
  A sun demon (Depths:2)
  A skeletal warrior (Vaults:3)
  3 deep trolls
  A flayed ghost (Vaults:3)
  A naga ritualist (Snake:1)
  2 harpies (Vaults:3)
  A lindwurm (Depths:5)
  3 guardian serpents (Snake:4)
  A black mamba (Snake:1)
  A water nymph (shapeshifter) (Vaults:2)
  2 merfolk sirens (Shoals:4)
  A stone giant skeleton (Vaults:3)
  A vault sentinel (Vaults:4)
  3 naga magi
  3 yaktaurs
  2 kobold demonologists (Bailey)
  A slime creature (Slime:1)
  A merfolk (Shoals:4)
  An ettin zombie (Vaults:3)
  4 nagas
  An orc warrior (Bailey)
  2 worms (D:14)
  A goblin (Bailey)
70 creatures vanquished.

Vanquished Creatures (others)
  A frost giant (Depths:3)
  A large abomination (Vaults:5)
  3 merfolk javelineers
  5 yaktaur captains
  A two-headed ogre (D:14)
  2 satyrs (Shoals:4)
  A naga sharpshooter (Snake:3)
  A faun (Shoals:4)
  A moth of wrath (Zot:3)
  5 yaktaurs
  2 water elementals
  A naga (Snake:1)
  2 orc warriors
  2 centaurs
  A human (D:7)
  A worm (D:14)
  A bush (Depths:5)
  7 fungi
  93 plants
  6 tentacles (Shoals:2)
137 creatures vanquished.

Grand Total: 2416 creatures vanquished

Notes
Turn   | Place    | Note
-------+----------+-------------------------------------------
     0 | D:1      | Megalobster the Gargoyle Monk began the quest for the Orb.
     0 | D:1      | Reached XP level 1. HP: 14/14 MP: 1/1
   109 | D:1      | Reached XP level 2. HP: 19/19 MP: 2/2
   361 | D:1      | Reached skill level 1 in Armour
   363 | D:1      | Reached XP level 3. HP: 23/23 MP: 3/3
   840 | D:2      | Reached XP level 4. HP: 26/29 MP: 4/4
   847 | D:2      | Found a shadowy altar of Dithmenos.
   868 | D:2      | Found a glowing golden altar of the Shining One.
   877 | D:2      | Became a worshipper of the Shining One
   877 | D:2      | Reached * piety under the Shining One
   877 | D:2      | Reached ** piety under the Shining One
  1220 | D:3      | Noticed Scuka's ghost (amateur BaFi)
  1307 | D:3      | Reached skill level 1 in Invocations
  1560 | D:3      | Reached skill level 4 in Fighting
  1560 | D:3      | Reached XP level 5. HP: 33/33 MP: 5/5
  1958 | D:3      | Killed Scuka's ghost
  1958 | D:3      | Reached XP level 6. HP: 27/39 MP: 5/7
  2886 | D:4      | Reached skill level 5 in Maces & Flails
  2886 | D:4      | Reached XP level 7. HP: 44/44 MP: 9/9
  3073 | D:4      | Found Sayp's Assorted Antiques.
  3363 | D:4      | Found Foepaqur's Book Shop.
  3382 | D:4      | Found Nill's Antique Weapon Emporium.
  3720 | D:4      | Found Qaciti's General Store.
  3760 | D:5      | Entered Level 5 of the Dungeon
  3824 | D:5      | Noticed Scuka's ghost (novice BaFi)
  4079 | D:5      | Noticed Ijyb
  4116 | D:5      | Killed Ijyb
  4256 | D:5      | Found a deep blue altar of Sif Muna.
  4326 | D:5      | Found a sparkling altar of Nemelex Xobeh.
  5218 | D:6      | Reached skill level 5 in Fighting
  5218 | D:6      | Reached XP level 8. HP: 49/49 MP: 11/11
  5256 | D:6      | Reached skill level 1 in Evocations
  5496 | D:6      | Reached skill level 5 in Invocations
  5544 | D:6      | Found a staircase to the Ecumenical Temple.
  5553 | Temple   | Entered the Ecumenical Temple
  5866 | D:6      | Found Dubruzic's Jewellery Shoppe.
  5983 | D:6      | Found a blossoming altar of Fedhas.
  6028 | D:6      | Found a runed door.
  6064 | D:6      | Found a runed door.
  6064 | D:6      | Reached *** piety under the Shining One
  6077 | D:6      | Reached XP level 9. HP: 46/54 MP: 13/13
  6189 | D:6      | Noticed Edmund
  6218 | D:6      | Killed Edmund
  6359 | D:5      | Noticed Grinder
  6370 | D:5      | Killed Grinder
  6397 | D:5      | Noticed Duvessa
  6397 | D:5      | Noticed Dowan
  6464 | D:5      | Killed Duvessa
  6467 | D:5      | Killed Dowan
  6585 | D:5      | Killed Scuka's ghost
  6585 | D:5      | Reached skill level 6 in Fighting
  6928 | D:7      | Reached skill level 5 in Armour
  7306 | D:7      | Reached XP level 10. HP: 44/60 MP: 11/15
  7462 | D:7      | Found a shimmering altar of Xom.
  7850 | D:7      | Noticed Prince Ribbit
  7868 | D:7      | Killed Prince Ribbit
  7917 | D:7      | Found an ancient bone altar of Kikubaaqudgha.
  8224 | D:8      | Found a staircase to the Lair.
  8250 | D:8      | Reached skill level 5 in Evocations
  8405 | D:8      | Reached skill level 5 in Dodging
  8844 | D:8      | Found a snail-covered altar of Cheibriados.
  9019 | D:9      | Found a bloodstained altar of Trog.
  9066 | D:9      | Found Momnurhyfo's Distillery.
  9074 | D:9      | Bought 2 potions of ambrosia for 192 gold pieces
  9074 | D:9      | Bought a potion of agility for 48 gold pieces
  9074 | D:9      | Bought a potion of resistance for 120 gold pieces
  9207 | D:9      | Found Oshriffa's Antique Armour Shop.
  9429 | D:9      | Bought a bloodstained buckler for 275 gold pieces
  9439 | D:9      | Identified the +2 buckler "Busm" {+Inv Dex+2} (You bought it in a shop on level 9 of the Dungeon)
  9586 | D:9      | Found a burning altar of Makhleb.
 10050 | Lair:1   | Entered Level 1 of the Lair of Beasts
 10089 | Lair:1   | Reached skill level 1 in Shields
 10100 | Lair:1   | Got an ancient silver ring
 10112 | Lair:1   | Reached skill level 7 in Fighting
 10138 | Lair:1   | Noticed a spiny frog
 10150 | Lair:1   | Killed a spiny frog
 10223 | Lair:1   | Identified the ring of Arrival {rPois rN++ Int-2} (You found it on level 1 of the Lair of Beasts)
 10229 | Lair:1   | Found a labyrinth entrance.
 10245 | Lair:1   | Reached XP level 11. HP: 67/67 MP: 17/17
 10247 | Lab      | Entered a labyrinth
 10381 | Lab      | Reached **** piety under the Shining One
 10984 | Lab      | Noticed a minotaur
 11003 | Lab      | Killed a minotaur
 11028 | Lab      | Got a smoking lead ring
 11030 | Lab      | Identified the ring of the Evening {rCorr *Corrode Str+4 Int+6 SInv} (You found it in a labyrinth)
 11034 | Lab      | Got a dazzling leather armour
 11056 | Lab      | Identified the +3 leather armour of Byrratse {MP+9 Int+2} (You found it in a labyrinth)
 11412 | Lair:1   | Noticed an eight-headed hydra
 11428 | Lair:1   | Killed an eight-headed hydra
 11568 | Lair:1   | Found a radiant altar of Vehumet.
 12432 | Lair:2   | Found a staircase to the Snake Pit.
 12465 | Lair:2   | Noticed BadBadger's ghost (journeyman DsGl)
 12539 | Lair:2   | Killed BadBadger's ghost
 12539 | Lair:2   | Reached XP level 12. HP: 49/73 MP: 19/19
 12818 | Lair:2   | Reached skill level 8 in Fighting
 12919 | Lair:2   | Reached skill level 10 in Maces & Flails
 13101 | Lair:2   | Reached skill level 10 in Invocations
 14046 | Lair:3   | Noticed a five-headed hydra
 14050 | Lair:3   | Killed a five-headed hydra
 14086 | Lair:3   | Found a staircase to the Shoals.
 14885 | Lair:4   | Noticed a seven-headed hydra
 14902 | Lair:4   | Killed a seven-headed hydra
 15194 | Lair:4   | Found a frozen archway.
 15210 | IceCv    | Entered an ice cave
 16304 | Lair:4   | Reached XP level 13. HP: 62/80 MP: 21/21
 16586 | Lair:5   | Got a shimmering ring mail
 16955 | Lair:5   | Reached skill level 9 in Fighting
 17469 | Lair:5   | Found a staircase to the Slime Pits.
 18012 | Lair:6   | Entered Level 6 of the Lair of Beasts
 18872 | Lair:6   | Found an iron altar of Okawaru.
 18973 | Lair:6   | Found a runed door.
 18982 | Lair:6   | Noticed a fire dragon
 19008 | Lair:6   | Killed a fire dragon
 19766 | Lair:6   | Gained mutation: Your large and strong wings let you fly indefinitely. [Gargoyle growth]
 19766 | Lair:6   | Reached XP level 14. HP: 87/87 MP: 23/23
 20019 | Lair:6   | Reached ***** piety under the Shining One
 20159 | Lair:6   | Reached skill level 10 in Fighting
 21336 | D:10     | Entered Level 10 of the Dungeon
 21922 | D:11     | Found a flagged portal.
 21932 | Bailey   | Entered a bailey
 21991 | Bailey   | Found an iron altar of Okawaru.
 23254 | D:11     | Found a staircase to the Orcish Mines.
 23335 | D:11     | Got a pair of ancient gloves
 23346 | D:11     | Identified the -2 pair of gloves of Baesiu {MR+ Str+3} (You acquired it on level 11 of the Dungeon)
 23347 | D:11     | Got a pitted helmet
 23358 | D:11     | Identified the +0 helmet "Esofizee" {rF- Regen+ rCorr} (You acquired it on level 11 of the Dungeon)
 23746 | Orc:1    | Entered Level 1 of the Orcish Mines
 23920 | Orc:2    | Entered Level 2 of the Orcish Mines
 23930 | Orc:2    | Reached skill level 10 in Armour
 24277 | Orc:2    | Noticed feelmyfire's ghost (journeyman DgTm)
 24305 | Orc:2    | Killed feelmyfire's ghost
 24627 | Orc:1    | Reached XP level 15. HP: 65/93 MP: 25/25
 25455 | Orc:2    | Found a staircase to the Elven Halls.
 25623 | Orc:2    | Found Uxkynas's Distillery.
 25623 | Orc:2    | Found Viton's Antique Armour Emporium.
 25625 | Orc:2    | Found Arifasaxt's Armour Shoppe.
 25627 | Orc:2    | Found Xiumnuext's Distillery.
 25732 | Orc:2    | Bought the +6 chain mail of the Sparrow {MR+ Str+2 SInv Stlth-} for 703 gold pieces
 25745 | Orc:2    | Bought a potion of might for 60 gold pieces
 25745 | Orc:2    | Bought a potion of agility for 60 gold pieces
 25745 | Orc:2    | Bought a potion of haste for 150 gold pieces
 25745 | Orc:2    | Bought a potion of resistance for 150 gold pieces
 25747 | Orc:2    | Bought a potion of heal wounds for 60 gold pieces
 25747 | Orc:2    | Bought a potion of heal wounds for 60 gold pieces
 25747 | Orc:2    | Bought 2 potions of resistance for 240 gold pieces
 25747 | Orc:2    | Bought a potion of lignification for 36 gold pieces
 25939 | D:8      | Identified the +3 ring mail "Oklenwe" {Int+4} (You found it on level 5 of the Lair of Beasts)
 26125 | D:12     | Noticed Psyche
 26134 | D:12     | Killed Psyche
 26221 | D:12     | Noticed Josephine
 26230 | D:12     | Killed Josephine
 26535 | D:12     | Noticed Snorg
 26549 | D:12     | Killed Snorg
 26549 | D:12     | Reached skill level 11 in Fighting
 27129 | D:13     | Reached ****** piety under the Shining One
 27224 | D:13     | Found a gate to the Vaults.
 27882 | D:14     | Reached skill level 5 in Shields
 28668 | D:4      | Bought a runed demon whip for 468 gold pieces
 28668 | D:4      | Identified a glowing sacred scourge {god gift} (a runed demon whip blessed by the Shining One)
 28668 | D:4      | Received a gift from the Shining One
 29167 | D:15     | Entered Level 15 of the Dungeon
 29771 | D:15     | Reached XP level 16. HP: 101/101 MP: 26/26
 30041 | D:15     | Found a staircase to the Depths.
 30622 | D:4      | Bought a scroll of identify for 52 gold pieces
 30622 | D:4      | Bought a scroll of identify for 52 gold pieces
 30769 | D:8      | Reached XP level 17. HP: 106/106 MP: 27/27
 30835 | Snake:1  | Entered Level 1 of the Snake Pit
 30841 | Snake:1  | Noticed Aizul
 30864 | Snake:1  | Killed Aizul
 30980 | Snake:1  | Reached skill level 12 in Fighting
 31134 | Snake:1  | Reached skill level 10 in Shields
 31362 | Snake:1  | Noticed Asterion
 31373 | Snake:1  | Killed Asterion
 31476 | Snake:1  | Identified the Collected Works on Supportive Shape Shifting
 32711 | Snake:2  | Found Heurug's Book Shop.
 32711 | Snake:2  | Found Alenuynt's Distillery.
 33000 | Snake:2  | Bought a potion of might for 56 gold pieces
 33000 | Snake:2  | Bought a potion of might for 56 gold pieces
 33000 | Snake:2  | Bought a potion of might for 56 gold pieces
 33703 | Snake:3  | Found Biliokuc's General Store.
 34292 | Snake:3  | Reached XP level 18. HP: 113/113 MP: 29/29
 34552 | Snake:3  | Reached skill level 10 in Dodging
 34688 | Snake:4  | Entered Level 4 of the Snake Pit
 34849 | Snake:4  | Reached skill level 15 in Invocations
 35137 | Snake:4  | Reached skill level 13 in Fighting
 36126 | Snake:4  | Noticed Bai Suzhen
 36148 | Snake:4  | Killed Bai Suzhen
 37273 | Snake:4  | Reached XP level 19. HP: 106/120 MP: 30/30
 37567 | Snake:4  | Got a serpentine rune of Zot
 37901 | Shoals:1 | Entered Level 1 of the Shoals
 38334 | Shoals:1 | Found Ymoqun Mil's Weapon Emporium.
 39317 | Shoals:2 | Reached skill level 14 in Fighting
 40875 | Shoals:3 | Got an iridescent lajatang
 41559 | Shoals:4 | Entered Level 4 of the Shoals
 41581 | Shoals:4 | Found Ofust's Jewellery Shoppe.
 41717 | Shoals:4 | Noticed Polyphemus
 41719 | Shoals:4 | Noticed Ilsuiw
 41735 | Shoals:4 | Killed Polyphemus
 41749 | Shoals:4 | Killed Ilsuiw
 41811 | Shoals:4 | Reached XP level 20. HP: 119/128 MP: 29/32
 41973 | Shoals:4 | Reached skill level 15 in Fighting
 42324 | Shoals:4 | Reached skill level 15 in Shields
 42913 | Shoals:4 | Got a barnacled rune of Zot
 43203 | Shoals:4 | Got a pitted morningstar {drain}
 43204 | Shoals:4 | Identified the +3 morningstar "Xayblyot" {drain, MR+} (You took it off a merfolk on level 4 of the Shoals)
 43882 | Vaults:1 | Entered Level 1 of the Vaults
 44434 | Vaults:1 | Reached skill level 16 in Fighting
 46126 | Vaults:2 | Found Fiagulur's Distillery.
 46142 | Vaults:2 | Reached XP level 21. HP: 138/138 MP: 33/33
 46201 | Vaults:2 | Reached skill level 15 in Armour
 46220 | Vaults:2 | Reached skill level 17 in Fighting
 48293 | Vaults:2 | Identified the Disquisition on Venom
 49346 | Vaults:3 | Reached skill level 18 in Fighting
 49686 | Vaults:3 | Found Xipu's Book Shop.
 50088 | Vaults:3 | Found Noxastre's Book Emporium.
 50179 | Vaults:3 | Found Zokku's Antique Armour Shoppe.
 50212 | Vaults:3 | Bought a slimy helmet for 332 gold pieces
 50222 | Vaults:3 | Identified the +2 helmet of Nuoluty {+Inv rElec Dex-5 Stlth+} (You bought it in a shop on level 3 of the Vaults)
 50919 | Vaults:3 | Reached XP level 22. HP: 148/148 MP: 34/34
 51020 | Vaults:3 | Found a staircase to the Crypt.
 51537 | Vaults:4 | Found a gateway to a bazaar.
 51586 | Bazaar   | Entered a bazaar
 51586 | Bazaar   | Found Zaotuirph's Antique Weapon Boutique.
 51586 | Bazaar   | Found Qyssame's Gadget Boutique.
 51604 | Bazaar   | Found Cylar's Magic Scroll Emporium.
 51615 | Bazaar   | Found Diul's General Store.
 51616 | Bazaar   | Found Wuing's Antique Armour Shop.
 51673 | Bazaar   | Bought a scroll of blinking for 75 gold pieces
 51684 | Bazaar   | Bought a potion of agility for 40 gold pieces
 52415 | Vaults:4 | Reached skill level 19 in Fighting
 52430 | Vaults:4 | Reached skill level 15 in Maces & Flails
 53151 | Vaults:4 | Found a portal to a secret trove of treasure.
 53196 | Vaults:3 | Bought a translucent plate armour for 980 gold pieces
 53206 | Vaults:3 | Identified the +5 plate armour of Dumpew {+Fly rElec rF+ rC+} (You bought it in a shop on level 3 of the Vaults)
 53687 | Depths:1 | Entered Level 1 of the Depths
 53856 | Depths:1 | Found a gateway to Hell.
 53856 | Depths:1 | Noticed Jorgrun
 53886 | Depths:1 | Killed Jorgrun
 54175 | Depths:1 | Noticed Sojobo
 54214 | Depths:1 | Killed Sojobo
 54934 | Depths:2 | Found a one-way gate to the infinite horrors of the Abyss.
 55215 | Depths:2 | Noticed a golden dragon
 55215 | Depths:2 | an iron dragon changed into a golden dragon
 55217 | Depths:2 | a golden dragon changed into a shadow dragon
 55223 | Depths:2 | Noticed a caustic shrike
 55231 | Depths:2 | a caustic shrike changed into an iron dragon
 55471 | Depths:2 | Found a gateway to a ziggurat.
 55968 | Depths:2 | Reached XP level 23. HP: 126/156 MP: 35/35
 56827 | Depths:3 | Paralysed by a great orb of eyes for 5 turns
 58079 | Depths:3 | Reached skill level 20 in Fighting
 58836 | Depths:3 | Got a pair of polished gloves
 58837 | Depths:3 | Identified the +1 pair of gloves of the Sky {*Drain MR- Dex+10 Stlth+} (You found it on level 3 of the Depths)
 59050 | Depths:3 | Noticed a golden dragon
 59086 | Depths:3 | Killed a golden dragon
 59154 | Depths:3 | Identified Byshriat's Volume of Ashen Snow
 59160 | Depths:3 | Got a pair of encrusted gloves
 59164 | Depths:3 | Identified the +4 pair of gloves of Proximity {+Blink rPois rC- Stlth+} (You found it on level 3 of the Depths)
 59364 | Depths:3 | Found a one-way gate leading to the halls of Pandemonium.
 60053 | Depths:4 | Noticed a caustic shrike
 60071 | Depths:4 | Noticed a golden dragon
 60080 | Depths:4 | Killed a caustic shrike
 60096 | Depths:4 | Killed a golden dragon
 60102 | Depths:4 | Reached XP level 24. HP: 125/164 MP: 28/35
 60288 | Depths:4 | Reached skill level 15 in Dodging
 61255 | Depths:5 | Entered Level 5 of the Depths
 62672 | Depths:5 | Found a gate to the Realm of Zot.
 62722 | Depths:5 | Reached skill level 21 in Fighting
 64270 | Slime:1  | Entered Level 1 of the Pits of Slime
 65070 | Vaults:2 | Bought a potion of heal wounds for 65 gold pieces
 65070 | Vaults:2 | Bought a potion of heal wounds for 65 gold pieces
 65070 | Vaults:2 | Bought a potion of ambrosia for 104 gold pieces
 65070 | Vaults:2 | Bought a potion of heal wounds for 65 gold pieces
 65070 | Vaults:2 | Bought 2 potions of might for 104 gold pieces
 65070 | Vaults:2 | Bought a potion of might for 52 gold pieces
 65166 | Vaults:5 | Entered Level 5 of the Vaults
 65202 | Vaults:5 | Reached XP level 25. HP: 171/171 MP: 26/35
 66066 | Vaults:5 | Got a sparkling lead amulet
 66067 | Vaults:5 | Identified the amulet "Mucacaug" {+Rage Str+4 Slay-4 SInv} (You found it on level 5 of the Vaults)
 66194 | Vaults:5 | Got a tiger eye-encrusted plate armour
 66288 | Vaults:4 | Identified the +4 plate armour of the Will of the Gods {rElec rN+ Str+2 Int+3} (You found it on level 5 of the Vaults)
 66752 | Vaults:5 | Got a silver rune of Zot
 66824 | Vaults:5 | Reached XP level 26. HP: 171/179 MP: 35/35
 66829 | Vaults:5 | Got an ancient marble ring
 66830 | Vaults:5 | Identified the ring of Uskayaw's Delight {rPois MR- Str+6 Dex+4 Stlth+} (You found it on level 5 of the Vaults)
 68301 | Zot:1    | Entered Level 1 of the Realm of Zot
 69272 | Zot:1    | Reached skill level 22 in Fighting
 70660 | Zot:2    | Reached XP level 27. HP: 186/186 MP: 35/35
 73705 | Zot:3    | Got a faintly glowing trident
 73706 | Zot:3    | Identified the +6 trident "Jedgheca" {venom, *Rage rPois rN+} (You found it on level 3 of the Realm of Zot)
 73903 | Zot:3    | Noticed an orb of fire
 73912 | Zot:3    | Gained mutation: You are dopey. (Int -2) [an orb of fire]
 73923 | Zot:3    | Killed an orb of fire
 74140 | Zot:3    | Reached skill level 23 in Fighting
 75709 | Zot:5    | Entered Level 5 of the Realm of Zot
 76323 | Zot:5    | Noticed an ancient lich
 76341 | Zot:5    | Killed an ancient lich
 76950 | Orc:2    | Bought a potion of mutation for 96 gold pieces
 76950 | Orc:2    | Bought a potion of mutation for 96 gold pieces
 76950 | Orc:2    | Bought a potion of mutation for 96 gold pieces
 76950 | Orc:2    | Bought 2 potions of agility for 96 gold pieces
 77064 | D:9      | Bought a potion of ambrosia for 96 gold pieces
 77064 | D:9      | Bought a potion of might for 48 gold pieces
 77305 | Orc:2    | Bought a shiny large shield for 195 gold pieces
 78438 | Zot:5    | Noticed an ancient lich
 78442 | Zot:5    | Killed an ancient lich
 78646 | Zot:5    | Noticed an ancient lich
 78654 | Zot:5    | Killed an ancient lich
 78873 | Zot:5    | Noticed an ancient lich
 78883 | Zot:5    | Killed an ancient lich
 79092 | Zot:5    | Noticed an orb of fire
 79092 | Zot:5    | Gained mutation: You are frail. (-10% HP) [an orb of fire]
 79105 | Zot:5    | Killed an orb of fire
 79233 | Zot:4    | Lost mutation: You are frail. (-10% HP) [potion of mutation]
 79233 | Zot:4    | Lost mutation: You are dopey. (Int -2) [potion of mutation]
 79233 | Zot:4    | Gained mutation: You expend magic power (3 MP) to strengthen your wands. [potion of mutation]
 79233 | Zot:4    | Gained mutation: You have large cloven feet. [potion of mutation]
 79262 | Zot:5    | Noticed an orb of fire
 79274 | Zot:5    | Gained mutation: You tend to lose your temper in combat. [an orb of fire]
 79275 | Zot:5    | Gained mutation: You occasionally shout uncontrollably at your foes. [an orb of fire]
 79298 | Zot:5    | Killed an orb of fire
 79449 | Zot:5    | Noticed an orb of fire
 79465 | Zot:5    | Killed an orb of fire
 79517 | Zot:5    | Lost mutation: You occasionally shout uncontrollably at your foes. [potion of mutation]
 79517 | Zot:5    | Lost mutation: You tend to lose your temper in combat. [potion of mutation]
 79517 | Zot:5    | Lost mutation: You expend magic power (3 MP) to strengthen your wands. [potion of mutation]
 79517 | Zot:5    | Gained mutation: You are covered in fur. (AC +1) [potion of mutation]
 79517 | Zot:5    | Gained mutation: Your flesh is cold resistant. (rC+) [potion of mutation]
 79557 | Zot:5    | Noticed an orb of fire
 79573 | Zot:5    | Gained mutation: You do not regenerate when monsters are visible. [an orb of fire]
 79580 | Zot:5    | Killed an orb of fire
 79587 | Zot:5    | Noticed an orb of fire
 79593 | Zot:5    | Gained mutation: You tend to lose your temper in combat. [an orb of fire]
 79601 | Zot:5    | Gained mutation: Your body sometimes deteriorates upon taking damage. [an orb of fire]
 79604 | Zot:5    | Gained mutation: You are frail. (-10% HP) [an orb of fire]
 79607 | Zot:5    | Killed an orb of fire
 79608 | Zot:5    | Reached skill level 24 in Fighting
 79734 | Zot:5    | Lost mutation: You are frail. (-10% HP) [potion of mutation]
 79734 | Zot:5    | Lost mutation: Your body sometimes deteriorates upon taking damage. [potion of mutation]
 79734 | Zot:5    | Lost mutation: You have large cloven feet. [potion of mutation]
 79734 | Zot:5    | Lost mutation: You tend to lose your temper in combat. [potion of mutation]
 79734 | Zot:5    | Gained mutation: You tend to lose your temper in combat. [potion of mutation]
 79734 | Zot:5    | Lost mutation: You tend to lose your temper in combat. [potion of mutation]
 79735 | Zot:5    | Lost mutation: Your flesh is cold resistant. (rC+) [potion of mutation]
 79735 | Zot:5    | Lost mutation: You are covered in fur. (AC +1) [potion of mutation]
 79735 | Zot:5    | Gained mutation: You possess an exceptional clarity of mind. [potion of mutation]
 79735 | Zot:5    | Gained mutation: Your muscles are strong. (Str +2) [potion of mutation]
 79736 | Zot:5    | Lost mutation: Your muscles are strong. (Str +2) [potion of mutation]
 79736 | Zot:5    | Lost mutation: You possess an exceptional clarity of mind. [potion of mutation]
 79736 | Zot:5    | Gained mutation: Scrolls take you a little longer to read. [potion of mutation]
 79736 | Zot:5    | Gained mutation: Scrolls take you longer to read. [potion of mutation]
 79736 | Zot:5    | Gained mutation: You are partially covered in slimy green scales. (AC +2) [potion of mutation]
 79737 | Zot:5    | Lost mutation: Scrolls take you longer to read. [potion of mutation]
 79737 | Zot:5    | Lost mutation: Scrolls take you a little longer to read. [potion of mutation]
 79737 | Zot:5    | Lost mutation: You do not regenerate when monsters are visible. [potion of mutation]
 79737 | Zot:5    | Lost mutation: You are partially covered in slimy green scales. (AC +2) [potion of mutation]
 79737 | Zot:5    | Gained mutation: Armour fits poorly on your strangely shaped body. [potion of mutation]
 79737 | Zot:5    | Gained mutation: You have supernaturally acute eyesight. (SInv) [potion of mutation]
 79738 | Zot:5    | Lost mutation: Armour fits poorly on your strangely shaped body. [potion of mutation]
 79738 | Zot:5    | Lost mutation: You have supernaturally acute eyesight. (SInv) [potion of mutation]
 79738 | Zot:5    | Gained mutation: You have a beak for a mouth. [potion of mutation]
 79738 | Zot:5    | Gained mutation: Scrolls take you a little longer to read. [potion of mutation]
 79738 | Zot:5    | Lost mutation: Scrolls take you a little longer to read. [potion of mutation]
 79738 | Zot:5    | Gained mutation: You are partially covered in iridescent scales. (AC +2) [potion of mutation]
 79911 | Zot:5    | Got the Orb of Zot
 79921 | Zot:5    | Noticed a seraph
 80175 | Depths:3 | Noticed Buoch the pandemonium lord
 80552 | D:$      | Escaped with the Orb!

Skill      XL: |  1  2  3  4  5  6  7  8  9 10 11 12 13 14 15 16 17 18 19 20 21 22 23 24 25 26 27 |
---------------+----------------------------------------------------------------------------------+-----
Armour         | 1 2 3 4 5 6 7 8 9 10 11 12 13 14 15 16 17 18 19 21 | 21.7
Maces & Flails | 4 5 6 7 8 9 10 12 13 14 15 16 19 | 19.0
Invocations    | 1 2 3 4 5 7 8 9 11 12 13 14 15 16 17 | 17.4
Fighting       | 4 5 6 7 8 9 10 11 12 13 14 16 18 19 20 21 22 24 | 24.1
Dodging        | 3 4 5 6 7 8 9 10 11 12 14 15 16 17 18 | 18.8
Evocations     | 2 4 5 7 8 9 |  9.4
Shields        | 2 4 6 9 11 13 14 15 16 17 18 20 | 20.9
Stealth        | |  2.1

Action                   |  1- 3 |  4- 6 |  7- 9 | 10-12 | 13-15 | 16-18 | 19-21 | 22-24 | 25-27 || total
-------------------------+-------+-------+-------+-------+-------+-------+-------+-------+-------++-------
Melee: Mace              |   130 |   192 |   212 |       |       |       |       |       |       ||   534
       Unarmed           |       |       |    27 |       |       |       |       |       |       ||    27
       Flail             |       |       |   260 |   916 |  1121 |       |       |       |       ||  2297
       Eveningstar       |       |       |       |       |   610 |       |       |       |       ||   610
       Sacred scourge    |       |       |       |       |   171 |  1026 |  1927 |  1832 |  2199 ||  7155
       Peck              |       |       |       |       |       |       |       |       |    26 ||    26
Invok: Divine Shield     |       |     2 |     9 |     7 |    31 |     5 |    20 |    26 |    24 ||   124
       Cleansing Flame   |       |       |       |       |     5 |     2 |     3 |     3 |    11 ||    24
       Summon Divine War |       |       |       |       |     1 |     3 |     3 |    13 |    10 ||    30
       Brand Weapon With |       |       |       |       |     1 |       |       |       |       ||     1
 Abil: Fly               |       |       |       |       |     1 |     1 |     5 |     5 |     2 ||    14
       Stop Flying       |       |       |       |       |     1 |     1 |     5 |     5 |     2 ||    14
Evoke: Wand              |       |       |     5 |    32 |    26 |     5 |    24 |     8 |    37 ||   137
       Fan of gales      |       |       |       |       |       |       |     1 |       |       ||     1
       Sack of spiders   |       |       |       |       |       |       |       |     1 |       ||     1
  Use: Scroll            |       |       |     6 |    14 |    15 |    14 |     5 |    12 |    19 ||    85
       Potion            |       |       |     2 |     2 |       |     6 |     6 |    15 |    25 ||    56
  Eat: Chunk             |       |     3 |     4 |    10 |    26 |     8 |    15 |    16 |     3 ||    85
       Ration            |       |     1 |     4 |     6 |     8 |     5 |    10 |    12 |    21 ||    67
Armor: Robe              |     2 |       |       |       |       |       |       |       |       ||     2
       Chain mail        |   110 |       |     9 |   190 |   172 |   196 |   346 |    69 |       ||  1092
       Ring mail         |    12 |    85 |   182 |       |       |       |       |       |       ||   279
       Skin              |       |       |     8 |       |       |       |       |       |       ||     8
       Plate armour      |       |       |       |   299 |   600 |       |       |   410 |   591 ||  1900
Dodge: Dodged            |    70 |   206 |   470 |   424 |   964 |   302 |   476 |   367 |   513 ||  3792
Block: Other             |       |    14 |   107 |     3 |       |       |       |       |       ||   124
       Buckler           |       |       |       |   265 |  1056 |       |       |       |   194 ||  1515
       Shield            |       |       |       |       |    10 |   827 |  1550 |  1433 |  1580 ||  5400
       Reflection        |       |       |       |       |       |    87 |   146 |    72 |    49 ||   354
